 Dungeon Crawl Stone Soup version 0.26-a0-110-g95b6527cb0 (webtiles) character file.

Game seed: 671513416643332116

98 MrRokkomies the Shooter (level 4, -5/38 HPs)
             Began as a Centaur Hunter on June 23, 2020.
             Slain by Grinder (6 damage)
             ... while paralysed by Grinder
             ... on level 3 of the Dungeon.
             The game lasted 00:03:33 (2443 turns).

MrRokkomies the Shooter (Centaur Hunter)            Turns: 2443, Time: 00:03:34

Health: -5/38      AC:  4    Str: 14    XL:     4   Next: 43%
Magic:  4/4        EV:  1    Int: 10    God:
Gold:   96         SH:  0    Dex: 11    Spells: 3/3 levels left

rFire    . . .     SeeInvis .   a - +1 shortbow
rCold    . . .     Faith    .   (shield currently unavailable)
rNeg     . . .     Spirit   .   c - +0 leather armour
rPois    .         Reflect  .   (no helmet)
rElec    .         Harm     .   (no cloak)
rCorr    .                      (no gloves)
MR       .....                  (no barding)
Stlth    +.........             (no amulet)
HPRegen  0.12/turn              (no ring)
MPRegen  0.09/turn              (no ring)

@: paralysed, very quick
A: large, hooves 3, deformed body, speed 2, tough skin 3
a: no special abilities


You were on level 3 of the Dungeon.
You were not hungry.

You visited 1 branch of the dungeon, and saw 3 of its levels.

You collected 96 gold pieces.

Inventory:

Hand Weapons
 a - a +1 shortbow (weapon)
 b - a +0 short sword
Missiles
 d - 46 arrows (quivered)
Armour
 c - a +0 leather armour (worn)
Jewellery
 o - an uncursed ring of ice
 p - a +4 ring of protection {unknown}
Potions
 e - a potion of stabbing {unknown}
 h - 3 potions of berserk rage {unknown}
 j - a potion of magic {unknown}
 l - a potion of haste {unknown}
 m - a potion of curing {unknown}
 n - 2 potions of might {unknown}
 s - a potion of degeneration {unknown}
Comestibles
 f - 10 rations


   Skills:
 * Level 3.3 Fighting
 * Level 6.4 Bows
 + Level 2.0 Dodging
 - Level 0.4 Stealth


You had 3 spell levels left.
You didn't know any spells.
Your spell library was empty.

Dungeon Overview and Level Annotations

Branches:
Dungeon (3/15)

Altars:

Annotations:
D:3 Grinder


Innate Abilities, Weirdness & Mutations

You have hooves in place of feet.
Armour fits poorly on your strangely shaped body.
You cover ground very quickly.
You have extremely tough skin. (AC +3)


Message History

Aim: Grinder (moderately wounded)
You shoot an arrow. The arrow hits Grinder.
Grinder is heavily wounded.
Grinder hits you!
You writhe in agony.
* * * LOW HITPOINT WARNING * * *
Firing (i - inventory)
d - 47 arrows (quivered)
Press: ? - help, Shift-Dir - straight line, f/p - Grinder
Aim: Grinder (heavily wounded)
You shoot an arrow. The arrow hits Grinder!
Grinder is severely wounded.
Grinder gestures at you.
You suddenly lose the ability to move!
Grinder hits you.
* * * LOW HITPOINT WARNING * * *
Grinder blinks!
Grinder says, "Tell me all your secrets, or I'll kill you."
Grinder hits you!
* * * LOW HITPOINT WARNING * * *
You writhe in agony.
You die...

##.# #.# #.# #.#
##.## ##...##
#..#..####
#.###....# #####
#..#..##.##
#.@.#
##...##.#.##
#5###
#####.###.####(#
#.## ##...(.#
##.###.######
#..#.## #.#.##
#.#.# #.#.#


You could see Grinder.

Vanquished Creatures
  Natasha (D:3)
  2 adders
  2 worms (D:2)
  5 dart slugs
  2 leopard geckos (D:2)
  5 bats
  3 giant cockroaches
  3 goblins
  4 hobgoblins
  A ball python (D:2)
  2 frilled lizards (D:1)
  3 kobolds
  6 rats
39 creatures vanquished.

Notes
Turn   | Place    | Note
-------+----------+-------------------------------------------
     0 | D:1      | MrRokkomies the Centaur Hunter began the quest for the Orb.
     0 | D:1      | Reached XP level 1. HP: 17/17 MP: 1/1
   170 | D:1      | Reached XP level 2. HP: 21/25 MP: 2/2
  1147 | D:2      | Reached XP level 3. HP: 20/30 MP: 3/3
  1368 | D:2      | Reached skill level 6 in Bows
  2097 | D:3      | Reached XP level 4. HP: 36/38 MP: 4/4
  2239 | D:3      | Noticed Natasha
  2248 | D:3      | Killed Natasha
  2375 | D:3      | Noticed Grinder
  2437 | D:3      | Paralysed by Grinder for 7 turns
  2443 | D:3      | HP: 1/38 [Grinder (9)]
  2443 | D:3      | Slain by Grinder

Illustrated notes

Levels and vault maps discovered:
D:1:      lightli_arrival_windingriver, layout_loops_ring
D:2:      layout_loops_ring, first_ration, dk_vineyard_2
D:3:      minmay_spotlight, layout_loops_ring, ashenzari_altar_1, uniq_jessica,
          uniq_natasha, uniq_grinder

Skill      XL: |  1  2  3  4 |
---------------+-------------+-----
Bows           | 6 |  6.4
Fighting       | 3 |  3.3
Dodging        | 2 |  2.0
Stealth        | |  0.4

Action                   |  1- 3 |  4- 6 || total
-------------------------+-------+-------++-------
Melee: Short sword       |    48 |       ||    48
       Kick              |     9 |       ||     9
 Fire: Shortbow          |    84 |    34 ||   118
  Use: Scroll            |     5 |       ||     5
  Eat: Chunk             |     2 |     1 ||     3
Armor: Leather armour    |    24 |     2 ||    26
Dodge: Dodged            |    34 |     9 ||    43

Table legend:
 A = Non-vault XP
 B = Vault XP
 C = Vault XP percentage of total XP
 D = Non-vault monster count
 E = Vault monster count
 F = Vault count percentage of total count
                 A         B        C        D         E       F
            +---------+---------+-------+---------+---------+-------
      Total |     105 |      35 |  25.0 |      38 |       1 |   2.6
            +---------+---------+-------+---------+---------+-------
        D:1 |      30 |       0 |   0.0 |      16 |       0 |   0.0
        D:2 |      53 |       0 |   0.0 |      18 |       0 |   0.0
        D:3 |      22 |      35 |  61.4 |       4 |       1 |  20.0
            +---------+---------+-------+---------+---------+-------
